 Dungeon Crawl Stone Soup version 0.20-a0-433-g9e36e56 (webtiles) character file.

72 Kriby the Magician (level 4, -1/30 HPs)
             Began as a Mummy Fire Elementalist on Jan 4, 2017.
             Slain by Grinder (9 damage)
             ... on level 3 of the Dungeon.
             The game lasted 00:02:48 (3117 turns).

Kriby the Magician (Mummy Fire Elementalist)        Turns: 3117, Time: 00:02:49

Health: -1/30      AC:  2    Str: 11    XL:     4   Next: 7%
Magic:  2/9        EV: 12    Int: 15    God:
Gold:   139        SH:  0    Dex: 12    Spells: 9/10 levels left

rFire  x . .     SeeInvis .     f - +2 dagger (speed)
rCold  + . .     Gourm    .     a - +0 robe
rNeg   + + +     Faith    .     (no shield)
rPois  ∞         Spirit   .     (no helmet)
rElec  .         Reflect  .     (no cloak)
rCorr  .         Harm     .     (no gloves)
MR     .....                    (no boots)
Stlth  ++........               (no amulet)
                                (no ring)
                                (no ring)

@: no status effects
A: no food or potions, fire vulnerability, cold resistance 1, negative energy
resistance 3, torment resistance, unbreathing
a: no special abilities


You were on level 3 of the Dungeon.
You were not hungry.

You visited 1 branch of the dungeon, and saw 3 of its levels.

You collected 139 gold pieces.

Inventory:

Hand Weapons
 f - a +2 dagger of speed (weapon)
Armour
 a - a +0 robe (worn)
Wands
 i - a wand of lightning (8/15)
Scrolls
 c - 5 scrolls of identify {unknown}
 d - a scroll of fear {unknown}
 e - 3 scrolls of remove curse {unknown}
 g - a scroll of recharging {unknown}
 h - 3 scrolls of teleportation {unknown}
 j - a scroll of blinking {unknown}
Books
 b - a book of Flames

   Spells                             Type                      Level
   a - Flame Tongue                   Conjuration/Fire             1
   b - Throw Flame                    Conjuration/Fire             2
   c - Conjure Flame                  Conjuration/Fire             3
   d - Inner Flame                    Hexes/Fire                   3
   e - Sticky Flame                   Conjuration/Fire             4
   f - Fireball                       Conjuration/Fire             5


   Skills:
 - Level 1.5 Dodging
 - Level 1.5 Stealth
 + Level 3.6 Spellcasting
 * Level 1.9 Conjurations
 + Level 3.1 Fire Magic


You had 9 spell levels left.
You knew the following spells:

 Your Spells              Type           Power        Failure   Level  Hunger
a - Flame Tongue          Conj/Fire      ##...        10%         1    N/A

Dungeon Overview and Level Annotations

Branches:
Dungeon (3/15)

Altars:

Annotations:
D:3 Grinder


Innate Abilities, Weirdness & Mutations

You do not eat or drink.
Your flesh is vulnerable to fire.
You are immune to poison.
Your flesh is cold resistant. (rC+)
You are immune to negative energy. (rN+++)
You are immune to unholy pain and torment.
You can survive without breathing.


Message History

Grinder hits you.
* * * LOW HITPOINT WARNING * * *
You can move again.
Casting: Flame Tongue
Confirm with . or Enter, or press ? or * to list all spells.
Aiming: Flame Tongue
Press: ? - help, Shift-Dir - straight line, f/p - Grinder
Aim: Grinder (moderately wounded)
The flame tongue hits Grinder.
Grinder is moderately wounded.
Grinder hits you but does no damage.
Casting: Flame Tongue
Confirm with . or Enter, or press ? or * to list all spells.
Aiming: Flame Tongue
Press: ? - help, Shift-Dir - straight line, f/p - Grinder
Aim: Grinder (moderately wounded)
The flame tongue hits Grinder.
Grinder is heavily wounded.
Grinder hits you!
You die...

######.###.........#
#.# #.# #.#
#####.###.# #.# #.#
#.# #.# #.# #.# ##.##
#+# #.###.###.###5..##
#.........##.....#
#...)....###.....##
#.#.#.##.###......##
##
###.........###.%....#
.+
+....@5...............
##
###.....##..###.).....
# #...####..# #..##.#.
# #.... ....# #..####.
# ##.##.###.# #....##.
# #. # #.# #.##.##. #
#. #.# #.##.##. # #.
..# #....... #
####.###


You could see Grinder.

Vanquished Creatures
  An adder (D:2)
  2 worms
  A dart slug (D:2)
  3 leopard geckos
  9 bats
  4 giant cockroaches
  4 goblins
  8 hobgoblins
  A quokka (D:2)
  A ball python (D:2)
  7 frilled lizards
  6 kobolds
  6 rats
53 creatures vanquished.

Notes
Turn   | Place    | Note
-------+----------+-------------------------------------------
     0 | D:1      | Kriby the Mummy Fire Elementalist began the quest for the Orb.
     0 | D:1      | Reached XP level 1. HP: 13/13 MP: 4/4
   371 | D:1      | Reached skill level 1 in Conjurations
   545 | D:1      | Reached XP level 2. HP: 19/19 MP: 1/5
  1567 | D:2      | Reached XP level 3. HP: 24/24 MP: 4/7
  2760 | D:3      | Reached XP level 4. HP: 25/30 MP: 1/9
  2965 | D:3      | Noticed Grinder
  2973 | D:3      | Paralysed by Grinder for 2 turns
  3113 | D:3      | Paralysed by Grinder for 3 turns
  3117 | D:3      | Slain by Grinder

Vault maps used:
D:1:      minmay_arrival_four_loops, chequers_big_river
D:3:      first_bread, minmay_cut_off, uniq_grinder, uniq_terence

Skill      XL: |  1  2  3 |
---------------+----------+-----
Conjurations   | 1 |  1.9
Spellcasting   | 3 |  3.6
Fire Magic     | 3 |  3.1
Dodging        | |  1.5
Stealth        | |  1.5

Action                   |  1- 3 |  4- 6 || total
-------------------------+-------+-------++-------
Melee: Dagger            |     9 |       ||     9
 Cast: Flame Tongue      |    91 |    21 ||   112
Armor: Robe              |     6 |     1 ||     7
Dodge: Dodged            |    24 |     2 ||    26
